 Dungeon Crawl Stone Soup version 0.25-b1-37-g2669288c55 (webtiles) character file.

Game seed: 10266637401396445803

25777 grindst0ne the Nimble (level 13, -3/101 HPs)
             Began as a Gnoll Gladiator on June 5, 2020.
             Was the Champion of Cheibriados.
             Slain by a tengu reaver
             ... wielding a +0 halberd
              (14 damage)
             ... on level 11 of the Dungeon.
             The game lasted 00:29:57 (13607 turns).

grindst0ne the Nimble (Gnoll Gladiator)            Turns: 13607, Time: 00:29:57

Health: -3/101     AC: 25    Str: 30    XL:     13   Next: 21%
Magic:  24/24      EV: 19    Int: 29    God:    Cheibriados [******]
Gold:   503        SH:  0    Dex: 36    Spells: 27/27 levels left

rFire    + . .     SeeInvis .   d - +4 scimitar (flame)
rCold    + . .     Gourm    .   (no shield)
rNeg     . . .     Faith    .   w - +3 plate armour
rPois    .         Spirit   .   c - +0 helmet
rElec    .         Reflect  .   r - +1 cloak
rCorr    .         Harm     .   v - +0 pair of gloves
MR       .....                  E - +0 pair of boots
Stlth    +.........             (no amulet)
HPRegen  0.26/turn              x - ring of Xom's Wantonness {rF+ Dex+3 Slay+4}
MPRegen  0.19/turn              B - ring of protection from cold

@: lethally poisoned (-3 -> -24), very slow
A: distributed training, fangs 1, molten scales 1, weak 1, strong nose
a: Bend Time, Temporal Distortion, Slouch, Step From Time, Renounce Religion


You were on level 11 of the Dungeon.
You worshipped Cheibriados.
Cheibriados was exalted by your worship.
You were not hungry.

You visited 2 branches of the dungeon, and saw 12 of its levels.
You also visited: Ossuary.

You collected 566 gold pieces.
You spent 63 gold pieces at shops.

Inventory:

Hand Weapons
 d - a +4 scimitar of flaming (weapon)
 z - the +5 mace of the Equator {flame, Int+2}
   (You found it on level 4 of the Dungeon)

   It has been specially enchanted to burn those struck by it, causing extra
   injury to most foes and up to half again as much damage against particularly
   susceptible opponents.
   It affects your intelligence (+2).
Missiles
 F - 6 poisoned darts (quivered)
Armour
 c - a +0 helmet (worn)
 r - a +1 cloak (worn)
 v - a +0 pair of gloves (worn)
 w - a +3 plate armour (worn)
 y - a +2 ring mail of fire resistance
 E - a +0 pair of boots (worn)
Jewellery
 n - an uncursed ring of magical power
 x - the ring of Xom's Wantonness (left hand) {rF+ Dex+3 Slay+4}
   (You acquired it on level 10 of the Dungeon)

   [ring of slaying]

   It affects your dexterity (+3).
   It affects your accuracy and damage with ranged weapons and melee attacks
   (+4).
   It protects you from fire.
 B - a ring of protection from cold (right hand)
Wands
 b - a wand of polymorph (28)
 k - a wand of paralysis (3)
Scrolls
 h - 6 scrolls of enchant armour
 j - 3 scrolls of magic mapping {unknown}
 l - a scroll of amnesia {unknown}
 m - 3 scrolls of immolation
 q - a scroll of summoning {unknown}
 s - 5 scrolls of enchant weapon
 t - 7 scrolls of remove curse
 u - 6 scrolls of blinking
 D - a scroll of teleportation
Potions
 a - a potion of haste
 i - 2 potions of flight
 o - 8 potions of curing
 p - 3 potions of mutation
 C - 3 potions of brilliance
 H - a potion of invisibility
Comestibles
 f - 21 rations


   Skills:
 + Level 9.2 Fighting
 + Level 7.9 Short Blades
 + Level 7.9 Long Blades
 + Level 10.3 Axes
 + Level 7.9 Maces & Flails
 + Level 7.9 Polearms
 + Level 7.9 Staves
 + Level 7.9 Slings
 + Level 7.9 Bows
 + Level 7.9 Crossbows
 + Level 9.2 Throwing
 + Level 7.9 Armour
 + Level 10.3 Dodging
 + Level 7.9 Stealth
 + Level 7.9 Shields
 + Level 7.9 Unarmed Combat
 + Level 7.9 Spellcasting
 + Level 6.6 Conjurations
 + Level 6.6 Hexes
 + Level 6.6 Charms
 + Level 6.6 Summonings
 + Level 6.6 Necromancy
 + Level 6.6 Translocations
 + Level 6.6 Transmutations
 + Level 6.6 Fire Magic
 + Level 6.6 Ice Magic
 + Level 6.6 Air Magic
 + Level 6.6 Earth Magic
 + Level 6.6 Poison Magic
 + Level 8.7 Invocations
 + Level 7.9 Evocations


You had 27 spell levels left.
You didn't know any spells.
Your spell library contained the following spells:

 Spells                   Type           Power        Failure   Level  Hunger
 Freeze                   Ice            ####         2%          1    None
 Summon Small Mammal      Summ           ####         2%          1    None
 Call Imp                 Summ           #####...     3%          2    None
 Call Canine Familiar     Summ           #####...     8%          3    None
 Confusing Touch          Hex            #####...     8%          3    None
 Frozen Ramparts          Ice            #####.       8%          3    None
 Gell's Gravitas          Tloc           #####.....   8%          3    None
 Ozocubu's Armour         Chrm/Ice       #####...     8%          3    None
 Summon Guardian Golem    Hex/Summ       #####...     8%          3    None
 Hailstorm                Conj/Ice       #####...     24%         4    #......
 Petrify                  Tmut/Erth      #####...     24%         4    #......
 Summon Ice Beast         Ice/Summ       #####...     24%         4    #......
 Summon Lightning Spire   Summ/Air       #####...     24%         4    #......
 Metabolic Englaciation   Hex/Ice        #####.....   56%         5    ####...
 Yara's Violent Unravell  Hex/Tmut       #####.....   56%         5    ####...


Dungeon Overview and Level Annotations

Branches:
Dungeon (11/15)            Temple (1/1) D:7            Lair (0/6) D:10
    Orc (0/2) D:11        Ossuary (visited)

Altars:
Ashenzari
Cheibriados
Dithmenos
Elyvilon
Fedhas
Gozag
Hepliaklqana
Kikubaaqudgha
Makhleb
Nemelex Xobeh
Okawaru
Qazlal
Sif Muna
Trog
Uskayaw
Wu Jian
Xom
Yredelemnul
Zin
The Shining One

Shops:
D:7 [:[   D:8 (

Annotations:
D:8 exclusion: downstairs


Innate Abilities, Weirdness & Mutations

Your experience applies equally to all skills.
You have very sharp teeth.
Your uncanny sense of smell can sniff out nearby items.
You are partially covered in molten scales. (AC +2)
You are weak. (Str -2)


Message History

You are more poisoned.
* * * LOW HITPOINT WARNING * * *
You feel better.
You are engulfed in poison gas.
You are poisoned.
* * * LOW HITPOINT WARNING * * *
You feel sick.
The tengu reaver is engulfed in poison gas.
The tengu reaver looks as sick as possible!
The tengu reaver gestures at you while chanting.
The bolt of acid misses you.
The battlesphere fires!
The barrage of energy hits you!
* * * LOW HITPOINT WARNING * * *
You feel much better.
You are engulfed in poison gas.
You are lethally poisoned!
* * * LOW HITPOINT WARNING * * *
x2 You feel sick.
The tengu reaver is engulfed in poison gas.
The tengu reaver looks as sick as possible!
The tengu reaver hits you from afar with a +0 halberd!
You die...

..###...# ∆ ##########..###
....#..(# ∆ ∆∆∆ #............[.
....##.(# #..............
######..### ##########...########
#()#.## ..§§§# #...# ##.)..##
.§.*# #...# #.#...# Q☼§ #...#
####'#####§## #...#
#.....○○@○####...#
###...○○☼°#......########
.####...○#..........÷)..
#<.###################.. #..# #..
#..# #.. #..# #.. ##########..#
#..
............###################..


You could see a tengu reaver (extremely poisoned) and a battlesphere.

Vanquished Creatures
  Gastronok (D:11)
  A frost giant (D:11)
  An ettin (D:11)
  Erolcha (D:9)
  Harold (D:10)
  Erica (D:9)
  A centaur warrior (D:11)
  A death knight (D:11)
  4 two-headed ogres
  3 death yaks (D:10)
  2 manticores (D:11)
  4 ugly things (D:11)
  2 cyclopes
  Psyche (D:11)
  2 centaur skeletons (D:10)
  A gargoyle (D:11)
  2 trolls
  A hornet (D:10)
  2 hippogriffs
  A wraith (D:11)
  8 yaks
  A wyvern (D:11)
  A vampire (D:11)
  A human (D:8)
  Eustachio (D:5)
  Grum (D:10)
  A soldier ant (D:8)
  An acid dragon (D:11)
  A porcupine (D:10)
  2 orc warriors
  An ice beast (D:11)
  9 sky beasts
  An eye of draining (D:11)
  3 black bears
  A necrophage (D:10)
  2 phantoms (D:11)
  4 ogres
  19 centaurs
  2 wolves (D:9)
  3 big kobolds
  Blork the orc (D:6)
  8 bullfrogs
  2 wyvern zombies
  2 water moccasin zombies (Ossuary)
  A wyvern skeleton (D:10)
  2 scorpions
  12 killer bees
  A wight (D:7)
  3 howler monkeys (D:7)
  2 crimson imps
  A hound (D:10)
  6 orc priests
  6 jellies
  A bullfrog zombie (D:7)
  Crazy Yiuf (D:2)
  11 orc wizards
  3 bullfrog skeletons
  Jessica (D:2)
  8 worker ants
  Natasha (thrice) (D:2)
  6 iguanas
  A killer bee zombie (D:6)
  2 big kobold zombies (Ossuary)
  A hound zombie (D:5)
  2 mummies (Ossuary)
  2 worker ant zombies
  4 gnolls (D:11)
  9 adders
  4 shadow imps
  4 adder zombies
  2 adder skeletons
  4 dart slugs
  7 leopard geckos
  35 orcs
  A ball python (D:7)
  6 bats
  4 giant cockroaches
  A gnoll zombie (Ossuary)
  3 goblins (D:1)
  5 hobgoblins
  20 jackals
  7 quokkas
  4 frilled lizards
  3 hobgoblin zombies (Ossuary)
  A jackal skeleton (D:7)
  15 kobolds
  7 kobold zombies (Ossuary)
  4 orc zombies (Ossuary)
  A quokka skeleton (D:7)
  4 rats
340 creatures vanquished.

Vanquished Creatures (others)
  A killer bee (D:11)
1 creature vanquished.

Grand Total: 341 creatures vanquished

Notes
Turn   | Place    | Note
-------+----------+-------------------------------------------
     0 | D:1      | grindst0ne the Gnoll Gladiator began the quest for the Orb.
     0 | D:1      | Reached XP level 1. HP: 20/20 MP: 1/1
    45 | D:1      | Reached XP level 2. HP: 25/26 MP: 2/2
   187 | D:1      | Reached XP level 3. HP: 31/31 MP: 3/3
   459 | D:1      | Reached skill level 1 in Invocations
   721 | D:2      | Noticed Jessica
   728 | D:2      | Killed Jessica
   728 | D:2      | Reached skill level 1 in Short Blades
   728 | D:2      | Reached skill level 1 in Long Blades
   728 | D:2      | Reached skill level 1 in Maces & Flails
   728 | D:2      | Reached skill level 1 in Polearms
   728 | D:2      | Reached skill level 1 in Staves
   728 | D:2      | Reached skill level 1 in Slings
   728 | D:2      | Reached skill level 1 in Bows
   728 | D:2      | Reached skill level 1 in Crossbows
   728 | D:2      | Reached skill level 1 in Armour
   728 | D:2      | Reached skill level 1 in Stealth
   728 | D:2      | Reached skill level 1 in Shields
   728 | D:2      | Reached skill level 1 in Unarmed Combat
   728 | D:2      | Reached skill level 1 in Spellcasting
   728 | D:2      | Reached skill level 1 in Evocations
   728 | D:2      | Reached XP level 4. HP: 38/38 MP: 5/5
   827 | D:2      | Found a runed translucent door.
   828 | D:2      | Noticed Crazy Yiuf
   844 | D:2      | Killed Crazy Yiuf
   844 | D:2      | Reached skill level 1 in Conjurations
   844 | D:2      | Reached skill level 1 in Hexes
   844 | D:2      | Reached skill level 1 in Charms
   844 | D:2      | Reached skill level 1 in Summonings
   844 | D:2      | Reached skill level 1 in Necromancy
   844 | D:2      | Reached skill level 1 in Translocations
   844 | D:2      | Reached skill level 1 in Transmutations
   844 | D:2      | Reached skill level 1 in Fire Magic
   844 | D:2      | Reached skill level 1 in Ice Magic
   844 | D:2      | Reached skill level 1 in Air Magic
   844 | D:2      | Reached skill level 1 in Earth Magic
   844 | D:2      | Reached skill level 1 in Poison Magic
   999 | D:2      | Noticed Natasha
  1005 | D:2      | Killed Natasha
  1005 | D:2      | Reached XP level 5. HP: 38/43 MP: 7/7
  1144 | D:2      | Noticed Natasha
  1153 | D:2      | Killed Natasha
  1796 | D:2      | Noticed Natasha
  1801 | D:2      | Killed Natasha
  2394 | D:4      | Found an iron altar of Okawaru.
  2398 | D:4      | Reached XP level 6. HP: 50/50 MP: 8/8
  2404 | D:4      | Got a crystal mace
  2405 | D:4      | Identified the +5 mace of the Equator {flame, Int+2} (You
                  | found it on level 4 of the Dungeon)
  3003 | D:5      | Entered Level 5 of the Dungeon
  3041 | D:5      | Reached skill level 5 in Fighting
  3041 | D:5      | Reached skill level 5 in Throwing
  3257 | D:5      | Reached XP level 7. HP: 43/56 MP: 10/10
  3397 | D:5      | Found a shimmering altar of Xom.
  3893 | D:6      | Noticed Blork the orc
  3897 | D:6      | Killed Blork the orc
  3917 | D:6      | Noticed Eustachio
  4065 | D:5      | Killed Eustachio
  4139 | D:6      | Reached XP level 8. HP: 41/63 MP: 12/12
  4948 | D:6      | Found a blossoming altar of Fedhas.
  5560 | D:7      | Reached XP level 9. HP: 60/69 MP: 14/14
  6084 | D:7      | Found a bloodstained altar of Trog.
  6134 | D:7      | Found Cimintes's Antique Armour Shoppe.
  6136 | D:7      | Got a slimy robe
  6171 | D:7      | Identified the +1 robe of Poor Excuses {-Cast Dex+6} (You
                  | found it on level 7 of the Dungeon)
  6287 | D:7      | Found a staircase to the Ecumenical Temple.
  6362 | D:7      | Found Hiho's Armour Shop.
  6363 | D:7      | Found Byelax's Book Shop.
  6371 | D:7      | Bought a +0 pair of boots for 63 gold pieces
  6739 | Temple   | Entered the Ecumenical Temple
  6808 | Temple   | Became a worshipper of Cheibriados the Contemplative
  6863 | D:8      | Noticed a cyclops
  6898 | D:8      | Found a sand-covered staircase.
  6902 | Ossuary  | Entered an ossuary
  6932 | Ossuary  | Reached skill level 5 in Invocations
  7025 | Ossuary  | Reached * piety under Cheibriados
  7513 | D:8      | Gained mutation: You are weak. (Str -2) [potion of
                  | mutation]
  7513 | D:8      | Gained mutation: You are partially covered in molten
                  | scales. (AC +2) [potion of mutation]
  7525 | D:8      | Reached XP level 10. HP: 27/77 MP: 17/17
  7530 | D:8      | Killed a cyclops
  8161 | D:8      | Reached skill level 5 in Short Blades
  8161 | D:8      | Reached skill level 5 in Long Blades
  8161 | D:8      | Reached skill level 5 in Maces & Flails
  8161 | D:8      | Reached skill level 5 in Polearms
  8161 | D:8      | Reached skill level 5 in Staves
  8161 | D:8      | Reached skill level 5 in Slings
  8161 | D:8      | Reached skill level 5 in Bows
  8161 | D:8      | Reached skill level 5 in Crossbows
  8161 | D:8      | Reached skill level 5 in Armour
  8161 | D:8      | Reached skill level 5 in Stealth
  8161 | D:8      | Reached skill level 5 in Shields
  8161 | D:8      | Reached skill level 5 in Unarmed Combat
  8161 | D:8      | Reached skill level 5 in Spellcasting
  8161 | D:8      | Reached skill level 5 in Evocations
  8258 | D:8      | Found Pidaerih's Weapon Boutique.
  8285 | D:8      | Reached ** piety under Cheibriados
  8779 | D:9      | Noticed a two-headed ogre
  8803 | D:9      | Noticed Erolcha
  8864 | D:9      | Paralysed by Erolcha for 3 turns
  9224 | D:9      | Killed a two-headed ogre
  9287 | D:9      | Killed Erolcha
  9637 | D:9      | Found a hazy altar of Hepliaklqana.
  9638 | D:9      | Found a shattered altar of Ashenzari.
  9797 | D:9      | Noticed Erica
  9805 | D:9      | Killed Erica
  9805 | D:9      | Reached XP level 11. HP: 80/84 MP: 19/19
  9818 | D:9      | Reached *** piety under Cheibriados
  9959 | D:9      | Found a shimmering altar of Xom.
 10014 | D:10     | Entered Level 10 of the Dungeon
 10014 | D:10     | Noticed Harold
 10288 | D:9      | Reached skill level 5 in Conjurations
 10288 | D:9      | Reached skill level 5 in Hexes
 10288 | D:9      | Reached skill level 5 in Charms
 10288 | D:9      | Reached skill level 5 in Summonings
 10288 | D:9      | Reached skill level 5 in Necromancy
 10288 | D:9      | Reached skill level 5 in Translocations
 10288 | D:9      | Reached skill level 5 in Transmutations
 10288 | D:9      | Reached skill level 5 in Fire Magic
 10288 | D:9      | Reached skill level 5 in Ice Magic
 10288 | D:9      | Reached skill level 5 in Air Magic
 10288 | D:9      | Reached skill level 5 in Earth Magic
 10288 | D:9      | Reached skill level 5 in Poison Magic
 10360 | D:10     | Killed Harold
 10604 | D:10     | Noticed Grum
 10611 | D:10     | Killed Grum
 10676 | D:10     | Noticed a two-headed ogre
 10690 | D:10     | Killed a two-headed ogre
 10692 | D:10     | Reached **** piety under Cheibriados
 10876 | D:10     | Identified a scroll of acquirement
 10879 | D:10     | Got the ring of Xom's Wantonness {rF+ Dex+3 Slay+4}
 10904 | D:10     | Noticed a death yak
 10916 | D:10     | Noticed a death yak
 10917 | D:10     | Killed a death yak
 10917 | D:10     | Noticed a death yak
 10935 | D:10     | Killed a death yak
 10941 | D:10     | Killed a death yak
 11152 | D:10     | Found a staircase to the Lair.
 11345 | D:10     | Reached XP level 12. HP: 92/93 MP: 22/22
 11810 | D:11     | Reached ***** piety under Cheibriados
 11847 | D:11     | Noticed a two-headed ogre
 11858 | D:11     | Killed a two-headed ogre
 11865 | D:11     | Noticed a two-headed ogre
 12056 | D:11     | Noticed Psyche
 12062 | D:11     | Killed a two-headed ogre
 12072 | D:11     | Killed Psyche
 12398 | D:11     | Found a staircase to the Orcish Mines.
 12841 | D:11     | Noticed Gastronok
 12854 | D:11     | Killed Gastronok
 12868 | D:11     | Reached skill level 10 in Axes
 12868 | D:11     | Reached skill level 10 in Dodging
 13228 | D:11     | Noticed a centaur warrior
 13245 | D:11     | Killed a centaur warrior
 13245 | D:11     | Reached XP level 13. HP: 69/101 MP: 24/24
 13589 | D:11     | Noticed a frost giant
 13589 | D:11     | Noticed an ettin
 13595 | D:11     | Killed an ettin
 13598 | D:11     | Noticed a tengu reaver
 13600 | D:11     | Killed a frost giant
 13605 | D:11     | Reached ****** piety under Cheibriados
 13606 | D:11     | HP: 2/101 [battlesphere[a tengu reaver] (12)]
 13607 | D:11     | Slain by a tengu reaver

Illustrated notes

Levels and vault maps discovered:
D:1:      ncdulo_halloftheorcs, layout_basic
D:2:      layout_basic, first_ration, uniq_jessica, uniq_crazy_yiuf_cottage,
          uniq_natasha
D:3:      layout_basic, st_stairs_7, minmay_misc_feat_x
D:4:      layout_loops_ring, okawaru_ov_weapons_minmay
D:5:      layout_loops_ring, dk_xom_monty_hall
D:6:      layout_basic, fedhas_altar_1, uniq_eustachio, uniq_blork_the_orc
D:7:      layout_loops_cross, minmay_temple_entry_trees, serial_shops,
          nicolae_shop_stone, shop, shop_statue, minmay_ruined_shrine
D:8:      kennysheep_blocky_room, layout_basic, serial_shops, shop_statue,
          nicolae_ossuary_entry_false_entrances, grunt_pizzeria, minmay_holes
D:9:      layout_small_grid, gammafunk_temple_overflow_pools, basic_altar,
          uniq_erica, uniq_erolcha
D:10:     layout_grid_maze, dpeg_lair_monsters, uniq_harold, uniq_grum
D:11:     minmay_sliced_demisemicircle, layout_long_grid, orc_0_dummy,
          uniq_psyche, uniq_gastronok
Temple:   regret_index_temple_chain_breaker

Skill      XL: |  1  2  3  4  5  6  7  8  9 10 11 12 |
---------------+-------------------------------------+-----
Invocations    | 1 2 3 4 5 6 7 8 |  8.7
Short Blades   | 1 2 3 4 5 6 7 |  7.9
Long Blades    | 1 2 3 4 5 6 7 |  7.9
Maces & Flails | 1 2 3 4 5 6 7 |  7.9
Polearms       | 1 2 3 4 5 6 7 |  7.9
Staves         | 1 2 3 4 5 6 7 |  7.9
Slings         | 1 2 3 4 5 6 7 |  7.9
Bows           | 1 2 3 4 5 6 7 |  7.9
Crossbows      | 1 2 3 4 5 6 7 |  7.9
Armour         | 1 2 3 4 5 6 7 |  7.9
Stealth        | 1 2 3 4 5 6 7 |  7.9
Shields        | 1 2 3 4 5 6 7 |  7.9
Unarmed Combat | 1 2 3 4 5 6 7 |  7.9
Spellcasting   | 1 2 3 4 5 6 7 |  7.9
Evocations     | 1 2 3 4 5 6 7 |  7.9
Conjurations   | 1 2 3 4 5 6 |  6.6
Hexes          | 1 2 3 4 5 6 |  6.6
Charms         | 1 2 3 4 5 6 |  6.6
Summonings     | 1 2 3 4 5 6 |  6.6
Necromancy     | 1 2 3 4 5 6 |  6.6
Translocations | 1 2 3 4 5 6 |  6.6
Transmutations | 1 2 3 4 5 6 |  6.6
Fire Magic     | 1 2 3 4 5 6 |  6.6
Ice Magic      | 1 2 3 4 5 6 |  6.6
Air Magic      | 1 2 3 4 5 6 |  6.6
Earth Magic    | 1 2 3 4 5 6 |  6.6
Poison Magic   | 1 2 3 4 5 6 |  6.6
Fighting       | 5 6 7 8 9 |  9.2
Throwing       | 5 6 7 8 9 |  9.2
Axes           | 7 8 9 10 | 10.3
Dodging        | 7 8 9 10 | 10.3

Action                   |  1- 3 |  4- 6 |  7- 9 | 10-12 | 13-15 || total
-------------------------+-------+-------+-------+-------+-------++-------
Melee: War axe           |    54 |       |       |       |       ||    54
       Bite              |     6 |    12 |    45 |    98 |     9 ||   170
       Club              |       |    20 |       |       |       ||    20
       Quarterstaff      |       |    42 |       |       |       ||    42
       Mace              |       |    29 |   369 |   147 |       ||   545
       Punch             |       |       |     6 |    20 |       ||    26
       Unarmed           |       |       |       |     1 |       ||     1
       Scimitar          |       |       |       |   253 |    24 ||   277
Throw: Throwing net      |       |     2 |     9 |     4 |     1 ||    16
       Dart              |       |       |     8 |    32 |       ||    40
Evoke: Wand              |       |       |       |     7 |     1 ||     8
  Use: Scroll            |       |       |    10 |     8 |       ||    18
       Potion            |       |       |     9 |     2 |     3 ||    14
 Stab: Sleeping          |     1 |     3 |     4 |     3 |       ||    11
       Paralysed         |       |     1 |       |       |       ||     1
       Held in net/web   |       |       |     2 |     5 |       ||     7
       Invisible         |       |       |     2 |     6 |       ||     8
       Distracted        |       |       |       |     3 |       ||     3
  Eat: Chunk             |       |     2 |     9 |     8 |     1 ||    20
       Ration            |       |     1 |     2 |       |       ||     3
Armor: Leather armour    |     9 |     5 |       |       |       ||    14
       Scale mail        |       |    10 |       |       |       ||    10
       Chain mail        |       |    15 |   208 |    56 |       ||   279
       Skin              |       |       |    28 |     1 |       ||    29
       Ring mail         |       |       |       |    71 |       ||    71
       Plate armour      |       |       |       |   159 |     5 ||   164
Dodge: Dodged            |    40 |    60 |   212 |   496 |    12 ||   820
       Rpst.: Scimitar   |       |       |       |    79 |     4 ||    83
